 Dungeon Crawl Stone Soup version 0.26.0-16-gc1dbca0489 (webtiles) character file.

Game seed: 10348510359630736134

242 Araneus the Cudgeller (level 5, -8/41 HPs)
             Began as a Demonspawn Fighter on Jan 21, 2021.
             Mangled by an ogre
             ... wielding a +0 giant spiked club
              (11 damage)
             ... on level 4 of the Dungeon.
             The game lasted 00:07:02 (3619 turns).

Araneus the Cudgeller (Demonspawn Fighter)          Turns: 3619, Time: 00:07:02

Health: -8/41      AC:  8    Str: 17    XL:     5   Next: 82%
Magic:  5/5        EV:  4    Int:  9    God:
Gold:   171        SH:  8    Dex: 13    Spells: 4/4 levels left

rFire    . . .     SeeInvis +   a - +0 flail
rCold    . . .     Faith    .   c - +0 kite shield
rNeg     + . .     Spirit   .   k - +0 chain mail
rPois    .         Reflect  .   (helmet restricted)
rElec    .         Harm     .   (no cloak)
rCorr    .         Rampage  .   (no gloves)
Will     .....                  (no boots)
Stlth    ..........             (no amulet)
HPRegen  0.13/turn              b - ring of see invisible
MPRegen  0.09/turn              p - ring of positive energy

@: mighty
A: antennae 2, claws 2
a: no special abilities


You were on level 4 of the Dungeon.
You visited 1 branch of the dungeon, and saw 4 of its levels.

You collected 171 gold pieces.

Inventory:

Hand Weapons
 a - a +0 flail (weapon)
Armour
 c - a +0 kite shield (worn)
 k - a +0 chain mail (worn)
Jewellery
 b - a ring of see invisible (left claw)
 p - a ring of positive energy (right claw)
Scrolls
 g - 6 scrolls of identify {unknown}
 j - a scroll of fear {unknown}
 m - 2 scrolls of teleportation {unknown}
 o - 2 scrolls of remove curse {unknown}
Potions
 d - a potion of might
 h - a potion of flight
 n - a potion of heal wounds {unknown}


   Skills:
 - Level 3.0 Fighting
 + Level 5.6 Maces & Flails
 - Level 2.6 Armour
 - Level 2.6 Shields


You had 4 spell levels left.
You didn't know any spells.
Your spell library contained the following spells:

 Spells                   Type           Power        Failure   Level
 Magic Dart               Conj           0%           100%        1
 Blink                    Tloc           N/A          100%        2
 Call Imp                 Summ           0%           100%        2
 Slow                     Hex            0%           100%        2
 Conjure Flame            Conj/Fire      0%           100%        3
 Mephitic Cloud           Conj/Pois/Air  0%           100%        3


Dungeon Overview and Level Annotations

Branches:
Dungeon (4/15)
 Temple: D:4-7

Altars:
Nemelex Xobeh


Innate Abilities, Weirdness & Mutations

You have a pair of antennae on your head.
You have very sharp fingernails.


Message History

You feel less attractive to monsters.
You feel very mighty all of a sudden.
You barely miss the ogre.
The ogre hits you with a +0 giant spiked club!
* * * LOW HITPOINT WARNING * * *
You hit the ogre.
The ogre is moderately wounded.
The ogre hits you with a +0 giant spiked club.
* * * LOW HITPOINT WARNING * * *
A dart slug comes into view.
Your chain mail prevents you from hitting the ogre.
The ogre is moderately wounded.
The ogre barely misses you.
You sock the ogre!
The ogre is severely wounded.
The ogre hits you but does no damage.
You sock the ogre!
The ogre is almost dead.
The ogre hits you with a +0 giant spiked club!
You die...

....####....).###...... #
###......###...<..
########........##.......
................##.......
...#...#....#+####.......
............#.#####......
...#...#....#............
............#............
########@...#............
#..w..O....+............
#..........##.....รท...##
..#..####+####+###......
#.. #...<.....# ...
#.......... ...
#.........# ...
#.......... #..........


You could see an ogre and a dart slug.

Vanquished Creatures
  A scorpion (D:4)
  An orc priest (D:4)
  Jessica (D:3)
  A worker ant (D:4)
  2 adders
  An ooze (D:1)
  A worm (D:2)
  3 dart slugs
  4 leopard geckos
  2 orcs (D:4)
  2 giant cockroaches
  6 goblins
  6 hobgoblins (D:1)
  7 jackals
  9 kobolds
  4 quokkas
  11 bats
  4 frilled lizards
  6 rats
72 creatures vanquished.

Notes
Turn   | Place    | Note
-------+----------+-------------------------------------------
     0 | D:1      | Araneus the Demonspawn Fighter began the quest for the Orb.
     0 | D:1      | Reached XP level 1. HP: 18/18 MP: 1/1
    14 | D:1      | Reached skill level 2 in Maces & Flails
    66 | D:1      | Gained mutation: You have sharp fingernails. [demonic
                  | ancestry]
    66 | D:1      | Reached XP level 2. HP: 21/24 MP: 2/2
   330 | D:1      | Reached skill level 3 in Maces & Flails
   522 | D:1      | Gained mutation: You have a pair of small antennae on your
                  | head. [demonic ancestry]
   522 | D:1      | Reached XP level 3. HP: 22/29 MP: 3/3
  1504 | D:2      | Gained mutation: You have very sharp fingernails. [demonic
                  | ancestry]
  1504 | D:2      | Reached XP level 4. HP: 33/35 MP: 4/4
  1529 | D:2      | Reached skill level 4 in Maces & Flails
  1987 | D:3      | Found a sparkling altar of Nemelex Xobeh.
  1987 | D:3      | Noticed Jessica
  1990 | D:3      | Killed Jessica
  3027 | D:4      | Gained mutation: You have a pair of antennae on your head.
                  | [demonic ancestry]
  3027 | D:4      | Reached XP level 5. HP: 26/41 MP: 5/5
  3256 | D:4      | Reached skill level 5 in Maces & Flails
  3260 | D:4      | HP: 2/41 [orc (2)]
  3610 | D:4      | Noticed an ogre
  3619 | D:4      | Mangled by an ogre

Illustrated notes

Levels and vault maps discovered:
D:1:      saegor_arrival_simple_c, layout_basic
D:2:      layout_loops_ring, chequers_serial_rivers_micro_d
D:3:      layout_basic, nemelex_lonely_heart_becter
D:4:      layout_basic, nicolae_qazlal_general_emergency, lemuel_crystal_altar,
          lemuel_coloured_pillars_altar, saegor_snake_ambush

Skill      XL: |  1  2  3  4  5 |
---------------+----------------+-----
Maces & Flails | 2 3 4 5 |  5.6
Fighting       | |  3.0
Armour         | |  2.6
Shields        | |  2.6

Action                   |  1- 3 |  4- 6 || total
-------------------------+-------+-------++-------
Melee: Flail             |   138 |   132 ||   270
  Use: Potion            |       |     7 ||     7
Armor: Scale mail        |    55 |       ||    55
       Chain mail        |    19 |    72 ||    91
Dodge: Dodged            |    33 |    27 ||    60
Block: Kite shield       |    80 |    72 ||   152
